 Dungeon Crawl Stone Soup version 0.24-a0-250-g6074511 (webtiles) character file.

Game seed: 18185293590658202046

1901 Ijustatesigmund the Chopper (level 9, -6/69 HPs)
             Began as an Octopode Fighter on Apr 15, 2019.
             Was an Initiate of Cheibriados.
             Mangled by a hornet (15 damage)
             ... on level 7 of the Dungeon.
             The game lasted 00:12:42 (7107 turns).

Ijustatesigmund the Chopper (Octopode Fighter)      Turns: 7107, Time: 00:12:42

Health: -6/69      AC:  1    Str: 17      XL:     9   Next: 15%
Magic:  10/10      EV: 14    Int: 12 (13) God:    Cheibriados [......]
Gold:   372        SH: 11    Dex: 15      Spells: 8/8 levels left

rFire    . . .     SeeInvis .   a - +1 war axe
rCold    . . .     Gourm    .   b - +1 shield
rNeg     . . .     Faith    .   (helmet restricted)
rPois    .         Spirit   .   (no amulet)
rElec    .         Reflect  .   (no ring)
rCorr    .         Harm     .   (no ring)
MR       .....                  (no ring)
Stlth    +++.......             (no ring)
HPRegen  0.21/turn              (no ring)
MPRegen  0.12/turn              (no ring)
                                (no ring)
                                (no ring)

@: about to teleport, slowed, very slow
A: almost no armour, stealthy swim, amphibious, 8 rings, constrict 8, camouflage
1, clever 1, deterioration 1, robust 1, gelatinous body 1
a: Bend Time, Renounce Religion


You were on level 7 of the Dungeon.
You worshipped Cheibriados.
Cheibriados was noncommittal.
You were hungry.

You visited 2 branches of the dungeon, and saw 8 of its levels.

You collected 372 gold pieces.

Inventory:

Hand Weapons
 a - a +1 war axe (weapon)
 h - a +1 hand axe of venom
Armour
 b - a +1 shield (worn)
Wands
 g - a wand of disintegration (12)
Scrolls
 c - 2 scrolls of magic mapping
 e - 3 scrolls of amnesia
 p - 5 scrolls of remove curse
 q - 2 scrolls of identify
Potions
 j - 2 potions of resistance
 l - a potion of curing
Comestibles
 d - 12 rations


   Skills:
 - Level 6.5 Fighting
 - Level 7.2 Axes
 - Level 5.4 Dodging
 + Level 2.4 Stealth
 - Level 5.3 Shields
 + Level 1.7 Invocations
 + Level 1.7 Evocations


You had 8 spell levels left.
You didn't know any spells.
Your spell library contained the following spells:

 Spells                   Type           Power        Failure   Level  Hunger
 Confusing Touch          Hex            #.....       75%         1    ##.....
 Confuse                  Hex            #.......     98%         3    ####...
 Gell's Gravitas          Tloc           #.........   98%         3    ####...
 Petrify                  Tmut/Erth      #.......     100%        4    #####..
 Metabolic Englaciation   Hex/Ice        #.........   100%        5    ######.
 Yara's Violent Unravell  Hex/Tmut       #.........   100%        5    ######.


Dungeon Overview and Level Annotations

Branches:
Dungeon (7/15)             Temple (1/1) D:6

Altars:
Ashenzari
Cheibriados
Dithmenos
Elyvilon
Gozag
Hepliaklqana
Kikubaaqudgha
Nemelex Xobeh
Okawaru
Qazlal
Ru
Trog
Uskayaw
Vehumet
Wu Jian
Yredelemnul
Zin
The Shining One


Innate Abilities, Weirdness & Mutations

You cannot wear most types of armour.
You are very stealthy in the water. (Stealth+)
You are amphibious.
You can wear up to eight rings at the same time.
You can use your tentacles to constrict eight enemies at once.
Your skin changes colour to match your surroundings (Stealth+).
Your rubbery body absorbs attacks. (AC +1, EV +1)
Your mind is acute. (Int +2)
Your body sometimes deteriorates upon taking damage.
You are robust. (+10% HP)


Message History

You feel yourself slow down.
You slash the hornet! You grab the hornet. Your squeeze misses the hornet.
The hornet is moderately wounded.
You constrict the hornet.
You feel sick. You block the hornet's attack. The hornet stings you!
Your body deteriorates!
You feel dopey.
You feel as though you will be slow longer.
The hornet stings you!
You feel as though you will be slow longer.
You feel better.
You constrict the hornet. The hornet stings you!
You feel as though you will be slow longer.
The hornet stings you!
* * * LOW HITPOINT WARNING * * *
You feel as though you will be slow longer.
Okay, then.
Okay, then.
As you read the scroll of teleportation, it crumbles to dust.
You feel strangely unstable.
You constrict the hornet! You block the hornet's attack. The hornet stings you!
You die...

### ### #.######### ..#
#.......... #.#
#.######### #.# #.# #
######.######.## #
##..............# #
................########
..!....@........##<.....
......y.....##..........
....(.#.................
...........#####..[....#
..#.....#......#.)((((.#
# #.....#........()....#
#.....#..............#
#.....#..............#
.............#


You could see a hornet.

Vanquished Creatures
  Sigmund (D:4)
  2 ice beasts
  2 phantoms
  A centaur (D:6)
  4 ogres
  A big kobold (D:7)
  2 bullfrogs (D:6)
  A centaur zombie (D:5)
  A crimson imp (D:6)
  A hound (D:4)
  3 jellies (D:2)
  2 orc priests
  An orc wizard (D:4)
  A bullfrog skeleton (D:5)
  3 iguanas
  4 worker ants
  4 gnolls (D:2)
  5 adders
  10 oozes
  4 worms
  3 dart slugs
  10 leopard geckos
  12 orcs
  4 giant cockroaches
  A goblin (D:3)
  12 hobgoblins
  8 jackals
  19 kobolds
  3 quokkas
  A ball python (D:2)
  11 bats
  8 frilled lizards
  2 leopard gecko skeletons (D:4)
  A quokka skeleton (D:4)
  9 rats
157 creatures vanquished.

Vanquished Creatures (others)
  3 fungi (D:2)
  9 toadstools (D:2)
12 creatures vanquished.

Grand Total: 169 creatures vanquished

Notes
Turn   | Place    | Note
-------+----------+-------------------------------------------
     0 | D:1      | Ijustatesigmund the Octopode Fighter began the quest for
                  | the Orb.
     0 | D:1      | Reached XP level 1. HP: 16/16 MP: 1/1
    86 | D:1      | Reached XP level 2. HP: 13/21 MP: 2/2
   545 | D:1      | Reached skill level 3 in Axes
   577 | D:1      | Reached XP level 3. HP: 20/26 MP: 3/3
   940 | D:2      | Noticed an ogre
   949 | D:2      | Killed an ogre
   949 | D:2      | Reached skill level 4 in Axes
   949 | D:2      | Reached XP level 4. HP: 2/33 MP: 4/4
   949 | D:2      | Reached XP level 5. HP: 3/37 MP: 5/5
  1708 | D:2      | Reached skill level 5 in Axes
  1711 | D:2      | Reached XP level 6. HP: 34/44 MP: 6/6
  2783 | D:3      | Reached XP level 7. HP: 27/49 MP: 7/7
  3037 | D:3      | Reached skill level 5 in Fighting
  3882 | D:4      | Noticed Sigmund
  3893 | D:4      | Killed Sigmund
  3893 | D:4      | Reached skill level 6 in Axes
  4177 | D:4      | Reached XP level 8. HP: 51/56 MP: 8/8
  4183 | D:4      | Found a shattered altar of Ashenzari.
  4400 | D:5      | Entered Level 5 of the Dungeon
  4862 | D:5      | Gained mutation: Your body sometimes deteriorates upon
                  | taking damage. [potion of mutation]
  4862 | D:5      | Gained mutation: You are robust. (+10% HP) [potion of
                  | mutation]
  4862 | D:5      | Gained mutation: Your mind is acute. (Int +2) [potion of
                  | mutation]
  5353 | D:5      | Reached skill level 5 in Dodging
  5500 | D:6      | Reached skill level 5 in Shields
  5750 | D:6      | Reached skill level 7 in Axes
  6028 | D:6      | Found an opulent altar of Gozag.
  6057 | D:6      | Found a staircase to the Ecumenical Temple.
  6409 | D:6      | Reached XP level 9. HP: 65/69 MP: 9/9
  6610 | Temple   | Entered the Ecumenical Temple
  6630 | Temple   | Became a worshipper of Cheibriados the Contemplative
  6691 | D:7      | Reached skill level 1 in Stealth
  6766 | D:7      | Reached skill level 1 in Invocations
  6766 | D:7      | Reached skill level 1 in Evocations
  7102 | D:7      | Noticed a hornet
  7107 | D:7      | Mangled by a hornet

Levels and vault maps discovered:
D:1:      lightli_arrival_statue_moat, layout_loops_ring
D:2:      cheibrodos_fertilizer, layout_rooms, first_ration, grunt_ministairs_3
D:3:      minmay_inner_zag, layout_basic
D:4:      layout_rooms, nicolae_ashenzari_panopticon, uniq_sigmund
D:5:      layout_basic, chequers_serial_rivers_large_a, minmay_lizard_king
D:6:      layout_loops_corners, temple_fountains, hex_medium,
          grunt_gozag_breadcrumbs
D:7:      layout_basic
Temple:   dpeg_three_leaves_temple

Skill      XL: |  1  2  3  4  5  6  7  8  9 |
---------------+----------------------------+-----
Axes           | 3 4 5 6 7 |  7.2
Fighting       | 4 5 6 |  6.5
Dodging        | 4 5 |  5.4
Shields        | 4 5 |  5.3
Stealth        | 2 |  2.4
Invocations    | 1 |  1.7
Evocations     | 1 |  1.7

Action                   |  1- 3 |  4- 6 |  7- 9 || total
-------------------------+-------+-------+-------++-------
Melee: War axe           |    48 |    88 |   145 ||   281
       Constrict         |    14 |    11 |    45 ||    70
       Tentacles         |     8 |    16 |    48 ||    72
       Hand axe          |       |       |    78 ||    78
Evoke: Wand              |       |       |     2 ||     2
  Use: Scroll            |     5 |     2 |    12 ||    19
       Potion            |     1 |     2 |     7 ||    10
 Stab: Sleeping          |     6 |     2 |    14 ||    22
       Distracted        |       |       |     1 ||     1
  Eat: Chunk             |       |     3 |     6 ||     9
       Ration            |       |     1 |     2 ||     3
Armor: Skin              |     5 |     2 |    10 ||    17
Dodge: Dodged            |    20 |    39 |    97 ||   156
Block: Shield            |    21 |    35 |    93 ||   149

Table legend:
 A = Non-vault XP
 B = Vault XP
 C = Vault XP percentage of total XP
 D = Non-vault monster count
 E = Vault monster count
 F = Vault count percentage of total count
                 A         B        C        D         E       F
            +---------+---------+-------+---------+---------+-------
      Total |    2217 |     500 |  18.4 |     125 |      32 |  20.4
            +---------+---------+-------+---------+---------+-------
        D:1 |      37 |       0 |   0.0 |      20 |       0 |   0.0
        D:2 |     235 |     207 |  46.8 |      25 |      19 |  43.2
        D:3 |     235 |      21 |   8.2 |      25 |       6 |  19.4
        D:4 |     349 |     227 |  39.4 |      20 |       1 |   4.8
        D:5 |     429 |      45 |   9.5 |      10 |       6 |  37.5
        D:6 |     604 |       0 |   0.0 |       8 |       0 |   0.0
        D:7 |     328 |       0 |   0.0 |      17 |       0 |   0.0
            +---------+---------+-------+---------+---------+-------
